 Dungeon Crawl Stone Soup version 0.30-a0-718-geaa24f58ff (webtiles) character file.

Game seed: 10107520458478937059

233 pokeman the Magician (level 5, -1/29 HPs)
             Began as a Deep Elf Hedge Wizard on Jan 25, 2023.
             Slain by a scorpion (6 damage)
             ... on level 3 of the Dungeon.
             The game lasted 00:05:15 (3137 turns).

pokeman the Magician (Deep Elf Hedge Wizard)        Turns: 3137, Time: 00:05:16

Health: -1/29      AC:  3    Str:  7    XL:     5   Next: 74%
Magic:  0/16       EV: 13    Int: 21    God:
Gold:   107        SH:  0    Dex: 14    Spells: 9/17 levels left

rFire   . . .      SeeInvis .    a - +0 dagger
rCold   . . .      Faith    .    (no shield)
rNeg    . . .      Spirit   .    s - +0 robe {Will+}
rPois   .          Reflect  .    m - +0 helmet
rElec   .          Harm     .    (no cloak)
rCorr   .          Rampage  .    (no gloves)
Will    +....                    (no boots)
Stlth   ++                       (no amulet)
HPRegen 0.24/turn                (no ring)
MPRegen 0.15/turn                (no ring)

@: on blink cooldown
A: no striking features
a: no special abilities


You were on level 3 of the Dungeon.
You visited 1 branch of the dungeon, and saw 4 of its levels.

You collected 107 gold pieces.

Inventory:

Hand Weapons
 a - a +0 dagger (weapon)
Armour
 m - a +0 helmet (worn)
 s - a +0 robe of willpower (worn)
Magical Staves
 p - a staff of cold
Wands
 c - a wand of roots (11)
Scrolls
 e - 4 scrolls of identify {unknown}
 g - 3 scrolls of noise {unknown}
 h - a scroll of blinking {unknown}
 i - a scroll of amnesia {unknown}
 k - a scroll of teleportation {unknown}
 q - a scroll of enchant armour {unknown}
Potions
 d - a potion of magic
 f - 3 potions of curing {unknown}
 j - a potion of degeneration {unknown}
 l - a potion of attraction {unknown}
 n - a potion of haste {unknown}
 o - 2 potions of mutation {unknown}
 r - a potion of lignification {unknown}


   Skills:
 - Level 1.2 Fighting
 - Level 1.1 Armour
 + Level 3.1 Dodging
 + Level 3.2 Stealth
 * Level 6.5 Spellcasting
 + Level 2.9 Conjurations
 - Level 1.1 Summonings
 - Level 1.1 Translocations


You had 9 spell levels left.
You knew the following spells:

 Your Spells              Type           Power      Damage    Failure   Level
a - Magic Dart            Conj           76%        1d6       2%          1
b - Mephitic Cloud        Conj/Pois/Air  11%        N/A       19%         3
c - Call Imp              Summ           11%        N/A       9%          2
d - Blink                 Tloc           22%        N/A       9%          2

Your spell library contained the following spells:

 Spells                   Type           Power      Damage    Failure   Level
 Apportation              Tloc           22%        N/A       6%          1
 Summon Small Mammal      Summ           44%        N/A       6%          1
 Freeze                   Ice            24%        1d4       10%         1
 Necrotise                Necr           24%        1d5       10%         1
 Slow                     Hex            24%        N/A       10%         1
 Cigotuvi's Dreadful Rot  Necr/Pois/Air  12%        N/A       14%         2
 Hailstorm                Conj/Ice       13%        3d5       16%         3
 Confusing Touch          Hex            6%         N/A       28%         3
 Frozen Ramparts          Ice            12%        1d2       28%         3
 Vampiric Draining        Necr           6%         2d6       28%         3


Dungeon Overview and Level Annotations

Branches:
Dungeon (4/15)
 Temple: D:4-7

Altars:
Gozag
Wu Jian
The Shining One


Message History

You are poisoned.
The scorpion poisons you!
You feel sick.
The adder closely misses your crimson imp.
Your crimson imp misses the adder.
You feel sick. The adder misses your crimson imp.
Your crimson imp hits the adder.
The endoplasm attacks as you move away! The endoplasm misses you.
The scorpion attacks as you move away! The scorpion completely misses you.
You feel sick.
The adder barely misses your crimson imp.
Your crimson imp barely misses the adder.
You feel sick.
Something barely misses your crimson imp.
Something bites your crimson imp but does no damage.
You feel sick. The scorpion closely misses you.
You feel sick.
There is a stone staircase leading up here.
You feel sick.
You are no longer poisoned.
The scorpion misses you.
You climb upwards.
There is a stone staircase leading down here.
Casting: Call Imp (safe; 9% risk of failure)
Confirm with . or Enter, or press ? or * to list all spells.
You blink.
The scorpion stings you.
* * * LOW HITPOINT WARNING * * *
Aiming: Fastroot
Press: ? - help, Shift-Dir - straight line, f - scorpion
Aim: a scorpion The roots erupt in riotous growth!
Roots grab the scorpion.
The grasping roots constrict the scorpion.
The scorpion closely misses you.
The grasping roots constrict the scorpion!
The roots release their grip on the scorpion.
The scorpion misses you.
The scorpion stings you but does no damage.
The scorpion attacks as you move away! The scorpion stings you.
You die...

#)≈.......≈.#.#.##.# ##.#
#.≈≈≈≈≈≈≈≈≈.#.#.##.# #..#
#...........#.#.##.# #.##
##########.##.#.##.####.#
#..............#
##.##.#....####.#
#.........## #.#
#.###.###.# #.#
#.#.@...#.#####.#
##.#.s...#.......#
#.....>...[.###..#####
#..#.....#..# #.......
#..#..)..#÷.###..#####
#..###.###.......#####
#..........##.##......
#................#####
##.####.#####.####


You could see a scorpion.

Vanquished Creatures
  An ogre (D:4)
  A hound (D:4)
  Robin (D:2)
  An adder (D:2)
  A gnoll (D:2)
  2 dart slugs (D:1)
  An orc (D:3)
  8 bats
  5 endoplasms
  A giant cockroach (D:2)
  14 goblins
  4 hobgoblins
  6 jackals
  8 quokkas
  7 ball pythons
  5 frilled lizards
  3 kobolds
  3 rats
72 creatures vanquished.

Notes
Turn   | Place    | Note
-------+----------+-------------------------------------------
     0 | D:1      | pokeman the Deep Elf Hedge Wizard began the quest for the
                  | Orb.
     0 | D:1      | Reached XP level 1. HP: 10/10 MP: 7/7
   273 | D:1      | Reached XP level 2. HP: 16/16 MP: 4/9
   712 | D:1      | Reached skill level 5 in Spellcasting
  1014 | D:2      | Reached XP level 3. HP: 20/20 MP: 9/11
  1018 | D:2      | Learned a level 3 spell: Mephitic Cloud
  1021 | D:2      | Learned a level 2 spell: Call Imp
  1024 | D:2      | Learned a level 2 spell: Blink
  1283 | D:2      | Reached skill level 1 in Fighting
  1306 | D:2      | Reached skill level 1 in Armour
  1694 | D:2      | Noticed Robin
  1728 | D:2      | Killed Robin
  1729 | D:2      | Reached XP level 4. HP: 10/25 MP: 0/13
  2113 | D:3      | Identified the +2 chain mail of the Ward {rC+}
  2666 | D:3      | Found an opulent altar of Gozag.
  2705 | D:3      | Found an ornate altar of the Wu Jian Council.
  2797 | D:3      | Found a glowing golden altar of the Shining One.
  2992 | D:4      | Reached skill level 6 in Spellcasting
  2992 | D:4      | Reached XP level 5. HP: 23/29 MP: 3/15
  3096 | D:4      | Noticed an ogre
  3105 | D:4      | Killed an ogre
  3137 | D:3      | Slain by a scorpion

Illustrated notes

Levels and vault maps discovered:
D:1:      lightli_arrival_statue_moat, layout_basic
D:2:      layout_rooms, cheibrodos_gnoll_hut, uniq_robin
D:3:      layout_loops_ring, nzn_wu_jian_contemplation,
          mainiacjoe_overflow_alcove_1, mainiacjoe_overflow_brackets,
          st_stairs_3
D:4:      layout_cave_pools, general_overflow_altar, kennysheep_mini,
          minmay_temple_entry_sparse_star, guppyfry_shop_venom

Skill      XL: |  1  2  3  4  5 |
---------------+----------------+-----
Spellcasting   | 5 6 |  6.5
Conjurations   | 2 |  2.9
Fighting       | 1 |  1.2
Armour         | 1 |  1.1
Dodging        | 3 |  3.1
Stealth        | 3 |  3.2
Summonings     | |  1.1
Translocations | |  1.1

Action                     |  1- 3 |  4- 6 || total
---------------------------+-------+-------++-------
  Melee: Dagger            |    20 |    18 ||    38
   Cast: Magic Dart        |   111 |    65 ||   176
         Mephitic Cloud    |       |     2 ||     2
         Call Imp          |       |     2 ||     2
         Blink             |       |     1 ||     1
  Evoke: Wand              |       |     1 ||     1
   Stab: Sleeping          |     1 |       ||     1
         Confused          |       |     1 ||     1
 Armour: Robe              |     6 |     7 ||    13
  Dodge: Dodged            |    33 |    33 ||    66

Table legend: (Time is in decaauts)
 A = Elapsed time spent in this place.
 B = Non-inter-level travel time spent in this place.
 C = Inter-level travel time spent in this place.
 D = Time resting spent in this place.
 E = Time spent auto-exploring this place.
 F = Levels seen in this place.
 G = Mean time per level.
                   A        B        C        D        E       F      G
               +--------+--------+--------+--------+--------+-----+--------+
         Total |   3136 |   3120 |     16 |    221 |   2393 |   4 |  784.0 |
       Dungeon |   3136 |   3120 |     16 |    221 |   2393 |   4 |  784.0 |
               +--------+--------+--------+--------+--------+-----+--------+

Top non-repeatable levels by time:
     D:2: 1132 daAuts
     D:1: 977 daAuts
     D:3: 834 daAuts
     D:4: 192 daAuts
